AoeStats
← HANNiBAL_iS_BACK

Highland

506463354Analyzed
3v3 RM · 20d ago on Sep 13, 2026· 46m 17s· 6 players
Game mode
Random Map
Map size
Normal (6 player)
Population
200
Speed
Normal
Resources
Standard
Victory
Conquest
Starting age
Dark Age
Ending age
Imperial Age
RankedLock teamsTeams togetherTeam positionsShared explorationLock speedFull tech treeHidden civsTurbo modeCheats
Victory
Defeat
🇪🇸 Mongols · Spain
1110
+11
🇪🇸 Malians · Spain
932
+18
🇪🇸 Britons · Spain
924
+20
🇦🇷 Dravidians · Argentina
1025
-18
🇨🇱 Franks · Chile
977
-16
🇩🇪 Italians · Germany
975
-15
HANNiBAL_iS_BACK
8:09 Loom
10:42 Feudal Age
13:36 Horse Collar
16:20 Castle Age
16:34 Double-Bit Axe
19:24 Heavy Plow
22:26 Stone Mining
22:49 Bow Saw
22:44 Gold Mining
23:56 Town Watch
25:23 Stone Shaft Mining
25:18 Thumb Ring
26:57 Ballistics
26:18 Treadmill Crane
27:02 Ballistics
26:36 Fletching
28:37 Bodkin Arrow
33:27 Imperial Age
31:32 Fortified Wall
31:32 Masonry
31:18 Murder Holes
31:53 Bodkin Arrow
31:59 Padded Archer Armor
33:24 Bloodlines
33:15 Husbandry
32:36 Light Cavalry
33:36 Leather Archer Armor
33:32 Forging
35:16 Chemistry
34:43 Conscription
35:15 Bracer
35:45 Ring Archer Armor
37:46 Two-Man Saw
37:24 Crop Rotation
38:27 Hussar
39:48 Iron Casting
42:19 Wheelbarrow
44:05 Hand Cart
44:37 Elite Genoese Crossbowman
catstorm
3:22 Loom
6:48 Loom
9:45 Feudal Age
20:24 Castle Age
20:53 Fletching
23:33 Padded Archer Armor
23:28 Bodkin Arrow
35:19 Wheelbarrow
38:46 Town Watch
Barry Berkman
3:57 Loom
4:03 Loom
4:19 Loom
11:51 Feudal Age
15:34 Castle Age
14:38 Double-Bit Axe
16:29 Bow Saw
19:35 Fletching
20:36 Horse Collar
21:38 Fishing Lines
23:33 Bodkin Arrow
26:32 Wheelbarrow
27:37 Medium Warships
28:15 Hand Cart
29:30 Careening
29:42 Ballistics
31:12 Gold Mining
31:46 Clinker Construction
34:11 Imperial Age
31:35 Elite Skirmisher
33:02 Padded Archer Armor
34:55 Bracer
36:04 Chemistry
36:11 Shipwright
36:13 Forging
38:36 Iron Casting
39:26 Medical Corps
laura_sangue
11:10 Feudal Age
13:18 Double-Bit Axe
13:16 Horse Collar
20:25 Castle Age
21:10 Gold Mining
21:36 Fletching
21:46 Padded Archer Armor
23:19 Bow Saw
22:44 Crossbowman
25:35 Gold Shaft Mining
24:55 Town Watch
25:30 Elite Skirmisher
26:39 Leather Archer Armor
31:57 Pikeman
37:52 Imperial Age
36:56 Wheelbarrow
39:09 Yeomen
38:47 Bodkin Arrow
40:01 Arbalester
47:31 Chemistry
Enarby
5:20 Loom
12:10 Feudal Age
13:15 Town Watch
13:58 Double-Bit Axe
14:05 Horse Collar
16:23 Wheelbarrow
21:59 Castle Age
20:16 Forging
20:12 Scale Barding Armor
20:12 Scale Mail Armor
20:55 Stone Mining
23:06 Crossbowman
24:47 Bow Saw
26:53 Iron Casting
27:53 Chain Mail Armor
28:22 Hand Cart
33:59 Town Patrol
39:02 Imperial Age
37:46 Tigui
40:16 Conscription
40:31 Farimba
40:49 Elite Gbeto
42:02 Plate Mail Armor
42:20 Heavy Plow
42:13 Fletching
44:46 Bodkin Arrow
JoganTheMediocre
11:44 Feudal Age
12:34 Double-Bit Axe
15:56 Castle Age
15:59 Loom
17:58 Bow Saw
19:26 Wheelbarrow
18:42 Horse Collar
18:54 Gold Mining
19:50 Heavy Plow
22:13 Town Watch
23:03 Stone Mining
24:31 Fletching
25:07 Hand Cart
27:56 Bodkin Arrow
30:07 Medium Warships
32:39 Imperial Age
31:45 Padded Archer Armor
33:55 Ballistics
34:35 Chemistry
34:17 Heavy Warships
34:37 Bracer
34:52 Leather Archer Armor
36:41 Chemistry
38:31 Conscription
38:58 Bloodlines
38:51 Husbandry
39:02 Bloodlines
39:43 Conscription
40:04 Scale Barding Armor
40:09 Forging
39:37 Light Cavalry
40:45 Hussar
41:48 Chain Barding Armor
42:59 Drill
43:59 Onager
44:04 Capped Ram
46:10 Iron Casting
Connection lost

Rejoining the realm…

Still unreachable

The connection could not be restored.

Session expired

The server has moved on; the page needs a fresh start.